Map: Frozen Temple

Players

llllllllllll - Winner!

  • Race: Protoss Protoss
  • League: Grandmaster

ZeRgWaVe

  • Race: Zerg Zerg
  • League: Master

VOD

Have the link to the VOD?

Description

Time

  • Played on: Aug. 31, 2016, 1:42 p.m.
  • Length: 8:16
Show
View Real Time Build Order
Export as new Build Order

llllllllllll Protoss - Winner!

Build Orders: 1 Gate Expand, Zealot Archon, Dark Templar Rush 

Get SALT Encoding   

  12  0:01  Probe (Chrono Boost)  
  13  0:11  Probe (Chrono Boost)  
  14  0:22  Probe (Chrono Boost), Pylon  
  15  0:40  Probe (Chrono Boost)  
  15  0:41  Gateway  
  16  0:46  Assimilator  
  16  0:51  Probe (Chrono Boost)  
  17  1:01  Probe (Chrono Boost)  
  18  1:13  Probe (Chrono Boost)  
  19  1:23  Nexus  
  19  1:25  Probe (Chrono Boost)  
  20  1:36  Probe (Chrono Boost)  
  20  1:37  Cybernetics Core  
  22  1:47  Assimilator  
  22  1:51  Pylon  
  22  1:53  Zealot  
  23  2:11  Probe (Chrono Boost)  
  24  2:17  Twilight Council  
  24  2:21  Adept  
  24  2:22  Probe (Chrono Boost)  
  27  2:26  Warp Gate  
  27  2:32  Probe (Chrono Boost)  
  28  2:42  Probe (Chrono Boost)  
  28  2:43  Probe (Chrono Boost)  
  30  2:47  Resonating Glaives  
  30  2:48  Adept  
  32  2:53  Probe (Chrono Boost)  
  32  2:54  Probe (Chrono Boost)  
  34  3:05  Probe (Chrono Boost)  
  36  3:07  Probe (Chrono Boost)  
  36  3:17  Probe (Chrono Boost)  
  36  3:19  Probe (Chrono Boost)  
  38  3:20  Gateway  
  38  3:21  Gateway  
  38  3:25  Adept  
  40  3:29  Probe (Chrono Boost)  
  40  3:31  Probe (Chrono Boost)  
  42  3:37  Pylon  
  42  3:40  Dark Shrine  
  42  3:43  Probe (Chrono Boost)  
  42  3:45  Pylon  
  43  3:55  Mothership Core (Chrono Boost), Probe (Chrono Boost)  
  44  4:07  Probe (Chrono Boost)  
  41  4:18  Probe (Chrono Boost)  
  41  4:20  Probe (Chrono Boost)  
  43  4:29  Probe (Chrono Boost)  
  43  4:31  Probe (Chrono Boost)  
  45  4:33  Adept  
  45  4:34  Adept x2  
  51  4:40  Probe (Chrono Boost)  
  51  4:41  Probe (Chrono Boost)  
  53  4:50  Probe (Chrono Boost)  
  54  4:55  Probe (Chrono Boost)  
  54  4:57  Adept x2  
  49  5:00  Adept, Pylon  
  49  5:01  Probe (Chrono Boost), Pylon  
  44  5:18  Adept x2  
  39  5:34  Probe x2 (Chrono Boost)  
  39  5:35  Adept  
  42  5:40  Adept  
  42  5:42  Adept  
  42  5:48  Probe x2 (Chrono Boost)  
  40  5:58  Adept  
  42  6:06  Adept x2  
  42  6:08  Probe x2 (Chrono Boost)  
  47  6:18  Probe (Chrono Boost)  
  47  6:19  Probe (Chrono Boost)  
  47  6:23  Adept  
  48  6:29  Probe (Chrono Boost)  
  48  6:30  Probe (Chrono Boost)  
  48  6:39  Probe (Chrono Boost)  
  49  6:44  Dark Templar  
  51  6:48  Probe (Chrono Boost)  
  51  6:50  Probe (Chrono Boost)  
  53  6:57  Dark Templar  
  53  6:58  Probe (Chrono Boost)  
  53  7:00  Probe (Chrono Boost)  
  57  7:08  Dark Templar, Pylon  
  59  7:10  Probe (Chrono Boost)  
  59  7:11  Probe (Chrono Boost)  
  61  7:21  Adept  
  61  7:22  Probe x2 (Chrono Boost)  
  65  7:33  Probe x2 (Chrono Boost)  
  65  7:36  Pylon  
  67  7:40  Adept, Dark Templar  
  67  7:44  Probe x2 (Chrono Boost)  
  73  7:48  Assimilator  
  73  7:49  Pylon  
  73  7:51  Assimilator  
  73  7:56  Adept  
  73  7:58  Archon x2  
  75  8:00  Probe x2 (Chrono Boost)  
  75  8:03  Robotics Facility  
  77  8:12  Nexus  
Show
View Real Time Build Order
Export as new Build Order

ZeRgWaVe Zerg 

Build Orders: Pool First 

Get SALT Encoding   

  12  0:01  Drone  
  13  0:13  Overlord  
  13  0:17  Drone  
  14  0:31  Drone x2  
  14  0:35  Drone  
  17  0:37  Extractor  
  16  0:47  Spawning Pool  
  15  0:53  Drone  
  15  0:56  Drone  
  17  1:19  Hatchery  
  16  1:34  Zergling x6  
  19  1:41  Metabolic Boost  
  19  1:46  Queen  
  21  1:56  Overlord  
  21  1:58  Zergling x2  
  22  2:16  Zergling x2  
  22  2:18  Zergling x2  
  22  2:22  Queen  
  25  2:37  Zergling x4  
  28  2:44  Evolution Chamber, Drone x2  
  28  2:55  Zergling x4  
  28  2:57  Zergling x2  
  28  2:58  Zergling x4  
  34  3:05  Zergling x4  
  35  3:19  Overlord  
  35  3:29  Zergling x2  
  36  3:38  Zergling x2  
  36  3:39  Zergling x14  
  42  4:05  Zergling x2  
  42  4:07  Overlord  
  39  4:20  Zergling x10  
  39  4:21  Overlord  
  44  4:40  Zergling x2  
  44  4:41  Zergling x8  
  38  5:00  Zergling x8  
  39  5:10  Zergling x8  
  39  5:11  Zergling x2  
  35  5:23  Zergling x4  
  34  5:33  Zergling x2  
  34  5:34  Zergling x2  
  34  5:40  Zergling x2  
  34  5:43  Zergling x2  
  31  5:58  Zergling x4  
  31  6:01  Zergling x2  
  33  6:06  Zergling x6  
  33  6:07  Zergling x6  
  37  6:15  Zergling x4  
  38  6:22  Zergling x2  
  36  6:37  Drone x3  
  36  6:39  Spore Crawler  
  34  6:41  Spore Crawler  
  34  6:42  Baneling Nest  
  34  6:44  Drone x5  
  34  6:45  Drone  
  37  6:58  Drone x3  
  37  7:01  Drone  
  41  7:25  Drone x2  
  41  7:26  Baneling x3  
  43  7:31  Hatchery  
  42  7:37  Drone  
  42  7:38  Drone x5  
  42  7:40  Drone  
  49  8:00  Extractor  
  49  8:01  Drone x2  
  49  8:02  Drone  
  51  8:12  Hatchery  
Tags
 
Add a new tag
Caveats
  • Supply blocks, unpowered buildings, or Contaminate may cause inaccurate times.
  • Supply counts are checked every 10 seconds.